Unix NetHack Version 5.0.0-0 post-release - last build May  4 2026 22:22:43 (774f63e81ad911689b3a0859ea89b322d5daca8d,branch:main).

Game began 2026-05-04 13:58:03, ended 2026-05-05 06:36:24.

246786432, chaotic female orcish Barbarian

                                                             --------
                                                             |......|
                                                     r#e@o###-......|
                                            ---------`#r     -+------
                                            |.......|#
                                            |.......|#        #
                                            |.....?!|#        #
                                         ###...[..!:|#        #
                               --------- #  -----.---#      ###
                               |.......| #    #### ###      #
                               |.......| ##########         #
                               |........###  -.----         #
                               |.......|###  |....|       --.-------
                       #       |.......-     |....|      #...{....?|
                        #######........|     |.....#######|.......<|
                              #---------     |....|       |........|
                              ###############------       |........|
                                            ###           ----------

246786432 the Pillager     St:18 Dx:17 Co:18 In:8 Wi:8 Ch:6  Chaotic
Dlvl:4  $:70 HP:0(34) Pw:6(6) AC:6  Xp:3 T:2974 

Latest messages:
 You see here an emerald potion.
 v - an emerald potion.
 You are carrying too much to get through.
 What do you want to drop? [$a-elnprt-vxzA or ?*] ?
 You drop an emerald potion.
 You smite the floating eye.
 You smite the floating eye.
 You are frozen by the floating eye's gaze!
 You can move again.
 You smite the floating eye.
 You miss the floating eye.
 You are frozen by the floating eye's gaze!
 A sewer rat suddenly appears close by!
 A sewer rat suddenly appears close by!
 You can move again.
 You smite the floating eye.
 You are frozen by the floating eye's gaze!
 You can move again.
 You swap places with the peaceful hobgoblin.
 You swap places with the peaceful hobgoblin.
 This door is locked.
 This door is locked.
 This door is locked.
 You smite the floating eye.
 You miss the floating eye.
 You are frozen by the floating eye's gaze!
 The sewer rat bites!
 The sewer rat bites!
 The sewer rat bites!
 The sewer rat bites!
 The sewer rat bites!
 The sewer rat bites!
 The sewer rat bites!
 The sewer rat bites!
 The sewer rat bites!
 The sewer rat bites!
 The sewer rat bites!
 The sewer rat bites!
 The sewer rat bites!
 The sewer rat bites!
 The sewer rat bites!
 The sewer rat bites!
 The sewer rat bites!
 The sewer rat bites!
 You die...
 Do you want your possessions identified? [ynq] (y) y
 Do you want to see your attributes? [ynq] (y) y
 Do you want an account of creatures vanquished? [ynaq] (y) y
 Do you want to see your conduct and achievements? [ynq] (y) y
 Do you want to see the dungeon overview? [ynq] (y) y

Inventory:
 Coins    ('$')
  $ - 70 gold pieces
 Amulets  ('"')
  u - a cursed amulet of change
 Weapons  (')')
  l - 9 cursed -1 darts
  p - a +0 dagger
  t - a cursed +0 dagger (weapon in right hand)
  a - a +0 battle-axe
  b - a +0 orcish short sword (alternate weapon; not wielded)
 Armor    ('[')
  A - an uncursed +0 pair of gauntlets of power
  x - an uncursed +1 pair of water walking boots (being worn)
  c - an uncursed +0 orcish ring mail (being worn)
 Comestibles  ('%')
  d - 2 uncursed food rations
 Scrolls  ('?')
  z - an uncursed scroll of scare monster
 Potions  ('!')
  n - an uncursed potion of blindness
  r - a potion of holy water
 Tools    ('(')
  e - an uncursed oil lamp

246786432 the Barbarian's attributes:

Background:
 You were a Pillager, a level 3 female orcish Barbarian.
 You were chaotic, nominally on a mission for Set
 who was opposed by Mitra (lawful) and Crom (neutral).
 You were right-handed.
 You were in the Dungeons of Doom, on level 4.
 You entered the dungeon 2974 turns ago.
 You had 42 experience points, 38 more were needed to attain level 4.

Basics:
 You had 0 out of 34 hit points.
 You had all 6 energy points (spell power).
 Your armor class was 6.
 Your wallet contained 70 zorkmids.
 Autopickup was off.

Final Characteristics:
 Your strength was 18 (limit:18/50).
 Your dexterity was 17 (limit:18).
 Your constitution was 18 (limit:18).
 Your intelligence was 8 (limit:16).
 Your wisdom was 8 (limit:16).
 Your charisma was 6 (limit:16).

Final Status:
 You weren't hungry.
 You were unencumbered.
 You were wielding a dagger.
 You were unskilled in dagger.

Final Attributes:
 You were devoutly aligned.
 You were poison resistant.
 You had infravision.
 You could walk on water.
 You were warded.
 You are dead.

Miscellaneous:
 You didn't encounter any bones levels.
 Total elapsed playing time was 1 hour, 1 minute and 25 seconds.

Major events:
 Turn
    1: 246786432 the chaotic female orcish Barbarian entered the dungeon
 1455: attained the rank of Pillager (level 3)
 2974: killed by a sewer rat, while frozen by a floating eye's gaze

You didn't know any spells.

Skills:
 Fighting Skills
   bare handed combat [Basic]
   two weapon combat  [Unskilled]
   riding             [Unskilled]
 Weapon Skills
   dagger             [Unskilled]
   axe                [Basic]
   pick-axe           [Unskilled]
   short sword        [Basic]
   broadsword         [Unskilled]
   long sword         [Unskilled]
   two-handed sword   [Unskilled]
   saber              [Unskilled]
   club               [Unskilled]
   mace               [Unskilled]
   morning star       [Unskilled]
   flail              [Unskilled]
   hammer             [Unskilled]
   quarterstaff       [Unskilled]
   spear              [Unskilled]
   trident            [Unskilled]
   bow                [Unskilled]
 Spellcasting Skills
   attack spells      [Unskilled]
   escape spells      [Unskilled]

Voluntary challenges:
 Character rerolling was not enabled.
 You were an atheist.
 You were illiterate.
 You never genocided any monsters.
 You never polymorphed an object.
 You never changed form.
 You used no wishes.
Achievements:
 You entered a shop.
 You attained the rank of Pillager.

 The Dungeons of Doom: levels 1 to 4
    Level 1:
       Some fountains, a sink.
    Level 2:
       A fountain.
    Level 3:
       A general store, an altar, a fountain.
    Level 4: <- You were here.
       A fountain.
       Final resting place for
          you, killed by a sewer rat, while frozen by a floating eye's gaze.


Vanquished creatures:
  a little dog
 an acid blob
  a hobbit
  a yellow mold
  a gecko
  5 jackals
  a fox
  a goblin
  3 grid bugs
  2 lichens
  a kobold zombie
  4 newts
22 creatures vanquished.

No species were genocided or became extinct.

Game over:
                       ----------
                      /          \
                     /    REST    \
                    /      IN      \
                   /     PEACE      \
                  /                  \
                  |    246786432     |
                  |      70 Au       |
                  |   killed by a    |
                  |    sewer rat     |
                  |                  |
                  |                  |
                  |       2026       |
                 *|     *  *  *      | *
        _________)/\\_//(\/(/\)/\//\/|_)_______

Goodbye 246786432 the Barbarian...

You died in The Dungeons of Doom on dungeon level 4 with 381 points,
and 70 pieces of gold, after 2974 moves.
You were level 3 with a maximum of 34 hit points when you died.

